Map: Pillars of Gold LE

Players

Future - Winner!

  • Race: Terran Terran
  • Spawn Location: 7:00

CalebAracous

  • Race: Zerg Zerg
  • Spawn Location: 1:00

Event: The Miserable Cup

VOD

Have the link to the VOD?

Description

Time

  • Played on: June 20, 2020, 12:15 p.m.
  • Length: 13:43

All games in this series

Show
View Real Time Build Order
Export as new Build Order

Future Terran - Winner!

Build Orders: Reaper Expand, Hellion Banshee 

Get SALT Encoding   

  12  0:01  SCV  
  13  0:13  SCV  
  14  0:17  Supply Depot  
  14  0:25  SCV  
  15  0:39  SCV  
  15  0:41  Barracks  
  16  0:45  Refinery  
  16  0:51  SCV  
  17  1:03  SCV  
  18  1:15  SCV  
  19  1:28  Reaper  
  19  1:29  Orbital Command  
  20  1:45  Command Center  
  20  1:54  SCV  
  20  2:00  Marine, Supply Depot  
  22  2:07  SCV  
  23  2:12  Factory  
  23  2:20  Refinery  
  23  2:21  SCV  
  24  2:31  Barracks Reactor  
  24  2:34  SCV  
  25  2:46  SCV  
  26  2:58  Starport  
  26  2:59  SCV, Orbital Command  
  27  3:10  Hellion  
  27  3:11  Hellion  
  27  3:12  SCV  
  32  3:19  Supply Depot, Barracks Tech Lab  
  32  3:24  SCV  
  32  3:25  SCV  
  34  3:32  Hellion x2  
  38  3:36  SCV  
  38  3:37  SCV  
  40  3:42  Cloaking Field, Banshee  
  40  3:45  Barracks Tech Lab  
  40  3:48  SCV  
  44  3:49  SCV  
  44  3:55  Supply Depot  
  45  4:00  SCV  
  45  4:01  SCV  
  47  4:04  Marine  
  48  4:10  Hellion x2  
  48  4:12  SCV  
  48  4:13  SCV  
  54  4:21  Supply Depot  
  54  4:24  SCV  
  54  4:25  Banshee  
  54  4:26  Armory, SCV  
  59  4:33  Hellion x2  
  62  4:47  SCV x2, Supply Depot  
  62  4:50  Marine, Stimpack  
  65  4:55  Supply Depot  
  65  4:59  SCV x2  
  67  5:04  Command Center  
  67  5:05  Factory Reactor  
  67  5:11  SCV x2  
  69  5:17  Barracks  
  69  5:20  Barracks  
  69  5:22  Starport Reactor  
  69  5:23  SCV x2  
  69  5:24  Refinery  
  69  5:25  Refinery  
  71  5:33  Engineering Bay x2  
  71  5:35  Marine, SCV  
  68  5:41  SCV  
  70  5:47  SCV  
  68  5:52  Barracks  
  68  5:53  SCV  
  68  5:56  Barracks, Siege Tank  
  70  5:59  SCV  
  70  6:01  Marine  
  70  6:03  Terran Infantry Weapons Level 1  
  69  6:05  SCV  
  69  6:09  Marine x2  
  72  6:11  SCV  
  72  6:14  Terran Infantry Armor Level 1  
  72  6:17  Marine  
  67  6:20  Marine x2  
  67  6:21  Orbital Command  
  67  6:23  SCV x2  
  67  6:28  Siege Tank  
  67  6:29  Medivac  
  67  6:31  Medivac  
  74  6:35  SCV  
  74  6:36  SCV  
  74  6:37  Orbital Command  
  74  6:39  Marine x4  
  80  6:43  Barracks Tech Lab  
  80  6:44  Barracks Tech Lab  
  81  6:47  SCV  
  81  6:48  SCV  
  81  6:50  Combat Shield  
  84  6:54  Marauder  
  84  6:57  Marine x4  
  84  6:59  SCV  
  84  7:00  SCV  
  90  7:02  Supply Depot  
  90  7:03  SCV, Supply Depot  
  90  7:07  Siege Tank  
  94  7:11  SCV  
  94  7:12  SCV  
  96  7:15  SCV, Supply Depot  
  96  7:16  Marauder  
  96  7:17  Marauder  
  101  7:23  Marine x4  
  101  7:24  Marauder  
  101  7:26  Supply Depot  
  101  7:27  Supply Depot  
  101  7:28  SCV  
  101  7:29  SCV  
  109  7:30  SCV  
  109  7:34  Refinery  
  109  7:36  Refinery  
  110  7:38  Missile Turret  
  110  7:39  Siege Tank  
  110  7:42  Missile Turret  
  117  7:44  Marauder x2  
  117  7:45  Marauder  
  117  7:46  Marine x2  
  117  7:48  Marine x2  
  123  7:55  Medivac x2  
  127  7:59  Terran Infantry Weapons Level 2  
  127  8:01  Terran Vehicle Weapons Level 1  
  127  8:05  Supply Depot  
  127  8:07  Supply Depot  
  127  8:09  Marine x3  
  127  8:10  Marine x4  
  134  8:14  Terran Infantry Armor Level 2  
  134  8:15  Supply Depot  
  134  8:20  Siege Tank  
  134  8:25  Supply Depot  
  137  8:27  Supply Depot  
  137  8:28  Marauder x2  
  137  8:29  Marine x3, Marauder  
  137  8:31  Marine  
  147  8:46  Marine  
  148  8:50  Marauder x2  
  148  8:51  Marine x2, Marauder  
  148  8:52  Marine, Siege Tank  
  159  9:05  Command Center  
  158  9:11  Marauder x2  
  158  9:12  Marauder  
  158  9:15  Medivac x2  
  167  9:20  Marine x4  
  171  9:26  Supply Depot  
  171  9:28  Missile Turret, Siege Tank  
  174  9:32  Marauder x2  
  174  9:34  Marauder  
  178  9:54  Marauder x2  
  178  9:55  Factory, Marauder  
  178  9:59  Barracks  
  184  10:00  Barracks  
  184  10:01  Barracks  
  184  10:02  Sensor Tower  
  184  10:10  Siege Tank, Drilling Claws, Sensor Tower  
  179  10:23  Marauder  
  179  10:24  Marine x4, Marauder  
  172  10:39  Marauder  
  172  10:42  Siege Tank  
  177  10:43  Marine x3  
  177  10:44  Marine  
  177  10:45  Marauder x2  
  177  10:49  Factory Reactor  
  185  10:56  Medivac x2  
  186  11:00  Marauder  
  186  11:11  Barracks Tech Lab x3  
  178  11:13  Marauder x2  
  178  11:14  Siege Tank  
  178  11:15  SCV x2  
  178  11:16  Marine x4  
  181  11:25  Medivac  
  181  11:26  Medivac, Marauder  
  185  11:33  Marine  
  185  11:34  Marauder  
  185  11:37  Planetary Fortress  
  181  11:44  Widow Mine x2  
  181  11:45  Marauder x4  
  181  11:47  Marine, Siege Tank  
  156  11:48  Marine, Marauder  
  139  11:56  Marauder  
  139  12:00  Command Center  
  136  12:01  Medivac  
  136  12:06  Marauder, Widow Mine x2  
  141  12:11  Marauder  
  141  12:12  Marine x2, Marauder x3  
  141  12:13  Marine  
  141  12:14  Marine  
  153  12:39  Marauder  
  153  12:42  Marauder  
  153  12:43  Marauder  
  157  12:47  Marine, Marauder x3  
  157  12:48  Marine x2  
  157  12:50  Medivac x2, Siege Tank, Widow Mine x2  
  171  13:02  Marauder  
  171  13:04  Marauder  
  174  13:08  Marine x3, Marauder x2  
  181  13:12  Command Center  
  181  13:13  Command Center  
  181  13:18  Marine, Marauder x2  
  177  13:23  Marine  
  165  13:37  Command Center  
Show
View Real Time Build Order
Export as new Build Order

CalebAracous Zerg 

Build Orders: Hatch First 

Get SALT Encoding   

  12  0:01  Drone  
  13  0:15  Overlord  
  13  0:19  Drone  
  14  0:33  Drone x2  
  16  0:51  Hatchery  
  16  0:54  Drone  
  16  0:57  Drone  
  16  1:01  Drone  
  18  1:11  Extractor  
  17  1:17  Spawning Pool  
  16  1:20  Drone  
  16  1:22  Drone  
  18  1:33  Drone  
  19  1:53  Drone x2  
  21  2:04  Queen x2  
  21  2:05  Zergling x4  
  27  2:20  Hatchery  
  26  2:24  Overlord  
  26  2:30  Drone  
  26  2:31  Drone  
  27  2:47  Queen  
  27  2:49  Metabolic Boost  
  27  2:50  Drone  
  30  2:52  Overlord  
  30  2:58  Drone  
  30  2:59  Drone  
  30  3:02  Drone  
  33  3:10  Drone x3  
  36  3:17  Zergling x2  
  36  3:18  Drone x2  
  39  3:20  Overlord  
  39  3:31  Queen  
  39  3:33  Drone x2  
  44  3:34  Drone  
  44  3:36  Drone  
  44  3:41  Queen  
  47  3:46  Drone x2  
  47  3:48  Zergling x2  
  50  3:49  Overlord  
  50  3:57  Drone x4  
  50  4:00  Zergling x4  
  56  4:13  Drone  
  56  4:14  Drone  
  58  4:19  Lair, Spore Crawler, Extractor  
  56  4:24  Drone x2  
  56  4:25  Roach Warren, Spore Crawler  
  56  4:27  Spore Crawler  
  56  4:29  Drone x3  
  58  4:44  Overlord, Drone  
  58  4:45  Overlord  
  57  4:59  Overlord  
  57  5:04  Drone x14  
  71  5:11  Queen  
  73  5:15  Overlord  
  73  5:17  Queen  
  73  5:18  Overseer  
  75  5:21  Extractor  
  75  5:22  Zergling x6  
  75  5:24  Extractor  
  75  5:26  Roach x2  
  80  5:30  Overlord x2  
  76  5:38  Roach x4  
  76  5:42  Roach x4  
  80  5:54  Queen x2  
  71  6:08  Glial Reconstitution, Drone x8  
  77  6:16  Drone  
  77  6:17  Drone x2  
  80  6:20  Evolution Chamber x2  
  78  6:28  Drone x3, Extractor  
  78  6:31  Extractor  
  79  6:37  Overseer  
  79  6:38  Queen  
  79  6:39  Queen  
  83  6:47  Zerg Missile Weapons Level 1, Zerg Ground Armor Level 1  
  83  6:49  Hatchery, Drone x2  
  83  6:53  Overlord  
  84  6:55  Roach x3  
  90  7:07  Overlord  
  90  7:08  Roach x6  
  102  7:20  Overlord  
  102  7:21  Roach x6  
  114  7:23  Overlord  
  114  7:31  Overlord x2  
  114  7:37  Roach x4  
  122  7:48  Overlord x2  
  122  7:54  Roach x6  
  122  7:56  Overlord  
  122  7:58  Ravager x7  
  141  8:06  Overlord  
  141  8:07  Roach x6  
  141  8:09  Roach  
  155  8:13  Ravager  
  155  8:14  Roach x2  
  160  8:24  Overlord  
  160  8:25  Roach x5  
  170  8:28  Roach x2  
  170  8:29  Ravager  
  170  8:31  Roach x2  
  179  8:34  Overlord  
  179  8:38  Roach x2  
  179  8:53  Drone x13  
  186  8:57  Zerg Melee Weapons Level 1  
  186  9:00  Ravager x2  
  188  9:03  Zerg Ground Armor Level 2  
  171  9:22  Baneling Nest, Infestation Pit  
  165  9:26  Zergling x34  
  180  9:40  Extractor  
  180  9:41  Extractor  
  180  9:45  Hatchery x2  
  177  9:47  Overlord x3  
  176  10:01  Hive  
  176  10:04  Overlord x2  
  176  10:06  Centrifical Hooks  
  176  10:09  Ravager x4  
  171  10:26  Zergling x22  
  176  10:41  Zergling x14  
  183  10:49  Zergling x6  
  186  10:56  Baneling x30  
  184  11:00  Zergling x8  
  178  11:04  Zergling x6  
  159  11:22  Roach x5  
  169  11:26  Roach x4  
  174  11:33  Zergling x4  
  134  11:51  Roach x7  
  121  12:04  Ultralisk Cavern  
  121  12:05  Hatchery  
  121  12:07  Queen  
  121  12:08  Drone x2  
  121  12:09  Extractor  
  121  12:10  Drone  
  121  12:11  Queen, Drone x5  
  130  12:18  Queen  
  130  12:21  Queen  
  134  12:24  Drone x2  
  134  12:28  Ravager x5  
  134  12:29  Ravager  
  142  12:32  Zergling x18  
  142  12:35  Baneling x3  
  151  12:38  Zergling x8  
  155  12:53  Zergling x10  
  148  12:59  Drone x2  
  148  13:00  Spire  
  149  13:09  Zergling x16  
  154  13:17  Extractor  
  154  13:18  Drone x2  
  145  13:25  Zergling x8  
Tags
 
Add a new tag
Caveats
  • Supply blocks, unpowered buildings, or Contaminate may cause inaccurate times.
  • Supply counts are checked every 10 seconds.